 Dungeon Crawl Stone Soup version 0.15.1-3-g1b33baa (webtiles) character file.

550 Johnny the Chiller (level 6, 0/50 HPs)
             Began as a Demigod Ice Elementalist on Oct 5, 2014.
             Slain by a killer bee (3 damage)
             ... on Level 5 of the Dungeon.
             The game lasted 00:13:29 (4995 turns).

Johnny the Chiller (Demigod Ice Elementalist)       Turns: 4995, Time: 00:13:30

HP   0/50        AC  9     Str 13      XL: 6   Next: 79%
MP   7/17        EV  9     Int 24      God:
Gold 220         SH  0     Dex 13      Spells:  2 memorised,  6 levels left

rFire  . . .     SeeInvis .     c - +2 quarterstaff (crush)
rCold  . . .     Clarity  .     B - +0 ring mail
rNeg   . . .     rCorr    .     (no shield)
rPois  +         rRot     .     s - +3 helmet of Thrioq {Dex-3 Int+2}
rElec  .         Spirit   .     (no cloak)
SustAb .         Warding  .     (no gloves)
rMut   .         Stasis   .     (no boots)
Gourm  .                        n - amulet of rage
MR     .....                    (no ring)
                                g - ring of poison resistance

@: very slightly contaminated, hasted, very quick, not resistant to hostile
enchantments, unstealthy
A: no striking features
a: Evoke Berserk Rage


You were on level 5 of the Dungeon.
You were very hungry.

You visited 1 branch of the dungeon, and saw 5 of its levels.
You also visited: Ossuary.

You collected 220 gold pieces.

Inventory:

Hand weapons
 c - a +2 quarterstaff of crushing (weapon)
Armour
 s - the +3 helmet of Thrioq (worn) {Dex-3 Int+2}
   (You found it on level 4 of the Dungeon)

   It affects your intelligence (+2).
   It affects your dexterity (-3).
 B - a +0 ring mail (worn)
Magical devices
 m - a wand of enslavement (13)
Comestibles
 i - 2 bread rations
 r - a rotting chunk of orc flesh
 A - a meat ration
 D - a beef jerky
 E - a slice of pizza
 F - a chunk of rat flesh
Scrolls
 d - a scroll of fog {unknown}
 e - 2 scrolls of remove curse
 f - a scroll of recharging {unknown}
 k - 2 scrolls of magic mapping
 p - 2 scrolls of immolation {unknown}
 w - a scroll of random uselessness {unknown}
 y - a scroll of enchant armour {unknown}
Jewellery
 g - a ring of poison resistance (left hand)
 n - an amulet of rage (around neck)
Potions
 h - 2 potions of brilliance
 j - 2 potions of magic {unknown}
 l - 2 potions of cure mutation {unknown}
 o - 2 potions of restore abilities
 q - a potion of agility {unknown}
 t - a potion of curing
 u - a potion of resistance {unknown}
 v - a potion of berserk rage
 x - a potion of lignification {unknown}
 z - a potion of mutation {unknown}
 C - a potion of decay {unknown}
Books
 b - a book of Frost

   Spells                             Type                      Level
   *Freeze                            Ice                          1
   Throw Frost                        Conjuration/Ice              2
   Ozocubu's Armour                   Charms/Ice                   3
   Throw Icicle                       Conjuration/Ice              4
   *Summon Ice Beast                  Ice/Summoning                4
   Condensation Shield                Ice                          4


   Skills:
 * Level 2.5 Fighting
 + Level 1.3 Armour
 + Level 2.4 Dodging
 * Level 3.2 Stealth
 * Level 3.3 Spellcasting
   Level 0.8 Conjurations
 * Level 1.8 Summonings
 * Level 3.9 Ice Magic
 * Level 1.6 Evocations


You had 6 spell levels left.
You knew the following spells:

 Your Spells              Type           Power        Failure   Level  Hunger
a - Freeze                Ice            ###.         3%          1    None
b - Summon Ice Beast      Ice/Summ       ###.....     47%         4    ####...


Dungeon Overview and Level Annotations

Branches:
Dungeon (5/15)             Temple (0/1) D:4

Annotations:
D:3 mutis' ghost, average MiBe


Message History

* * * LOW HITPOINT WARNING * * *
The killer bee stings your ice beast.
The killer bee stings you but does no damage.
Unknown command.
The killer bee barely misses your ice beast.
The killer bee completely misses you.
The killer bee barely misses your ice beast.
Your ice beast closely misses the killer bee.
You are feeling very hungry.
The killer bee stings your ice beast.
The killer bee completely misses your ice beast.
The killer bee barely misses you. The killer bee stings your ice beast.
There is an open door here.
The killer bee stings you.
* * * LOW HITPOINT WARNING * * *
Something stings your ice beast!
Your ice beast dies!
The killer bee stings you.
You die...

###.....# #.........# #..)..##
#...y.....# #..(...# #.....)...#
#......# ####'###### #......# #y#
###....%.# #.# .#######)## #y#
........).#### #y# .............#
#@# .............# #.#
.............# #.# %............#
#.# ############ %............#
#%# #........... .............#
#.#####...........
.....###.....###.................
########.......+.................
#......#.....###.................


You could see 4 killer bees.

Vanquished Creatures
  A wraith (Ossuary)
  The ghost of Johnny the Chiller, an average DgIE (D:4)
  Sigmund (D:2)
  A crimson imp (D:4)
  Ijyb (D:3)
  A mummy (Ossuary)
  5 adders
  A worm (D:2)
  An iguana skeleton (D:4)
  An ooze (D:1)
  An orc (D:5)
  4 giant cockroaches
  11 goblins
  8 hobgoblins
  2 quokkas
  6 bats
  4 giant geckos
  4 giant newts
  A giant newt skeleton (D:4)
  7 gnoll skeletons (Ossuary)
  A hobgoblin skeleton (D:4)
  5 jackals
  8 kobolds
  9 kobold skeletons (Ossuary)
  8 orc skeletons (Ossuary)
  8 rats
101 creatures vanquished.

Vanquished Creatures (collateral kills)
  A centaur (D:5)
  A killer bee (D:5)
  A hound (D:5)
  A worker ant (D:5)
  An orc wizard (D:5)
  An adder (D:5)
  6 orcs (D:5)
  A giant cockroach (D:4)
  A hobgoblin (D:5)
  An orc skeleton (Ossuary)
15 creatures vanquished.

Vanquished Creatures (others)
  4 ice beasts
4 creatures vanquished.

Grand Total: 120 creatures vanquished

Notes
Turn   | Place    | Note
--------------------------------------------------------------
     0 | D:1      | Johnny, the Demigod Ice Elementalist, began the quest for the Orb.
     0 | D:1      | Reached XP level 1. HP: 14/14 MP: 3/3
   245 | D:1      | Reached XP level 2. HP: 10/22 MP: 2/4
   903 | D:2      | Reached skill level 1 in Fighting
   989 | D:2      | Reached XP level 3. HP: 19/28 MP: 3/8
  1055 | D:2      | Noticed Ijyb
  1064 | D:2      | Noticed Sigmund
  1089 | D:3      | Killed Ijyb
  1403 | D:2      | Killed Sigmund
  1403 | D:2      | Reached skill level 1 in Armour
  1403 | D:2      | Reached skill level 3 in Ice Magic
  1403 | D:2      | Reached XP level 4. HP: 4/36 MP: 0/11
  1968 | D:3      | Noticed mutis' ghost (average MiBe)
  2031 | D:3      | Reached XP level 5. HP: 30/41 MP: 13/13
  2073 | D:3      | Learned a level 4 spell: Summon Ice Beast
  2244 | D:4      | Got a pitted helmet
  2253 | D:4      | HP: 1/41 [iguana skeleton (8)]
  2269 | D:4      | Noticed Johnny's ghost (average DgIE)
  2272 | D:4      | Found a sand-covered staircase.
  2281 | Ossuary  | Entered an ossuary
  2281 | Ossuary  | Noticed a wraith
  2281 | Ossuary  | Noticed a wraith
  2281 | Ossuary  | Noticed a wraith
  2391 | Ossuary  | Identified the +3 helmet of Thrioq {Dex-3 Int+2} (You found it on level 4 of the Dungeon)
  2938 | Ossuary  | Noticed a wraith
  2964 | Ossuary  | Killed a wraith
  2964 | Ossuary  | Reached skill level 1 in Summonings
  3219 | D:4      | Killed Johnny's ghost
  3219 | D:4      | Reached skill level 1 in Evocations
  3219 | D:4      | Reached XP level 6. HP: 18/48 MP: 0/16
  3526 | D:4      | Found a staircase to the Ecumenical Temple.
  4400 | D:5      | Entered Level 5 of the Dungeon
  4531 | D:5      | Found a burning altar of Makhleb.
  4532 | D:5      | Found an ancient bone altar of Kikubaaqudgha.
  4696 | D:5      | Found a glowing golden altar of the Shining One.
  4995 | D:5      | Slain by a killer bee

Action                   |  1- 3 |  4- 6 || total
-------------------------+-------+-------++-------
Melee: Unarmed           |     5 |       ||     5
       Whip              |    15 |    16 ||    31
       Scythe            |       |   145 ||   145
       Quarterstaff      |       |    37 ||    37
 Cast: Freeze            |    48 |    52 ||   100
       Summon Ice Beast  |       |    11 ||    11
Evoke: Wand              |       |     1 ||     1
  Use: Scroll            |       |     9 ||     9
       Potion            |       |     6 ||     6
 Stab: Sleeping          |     1 |     4 ||     5
       Invisible         |       |     1 ||     1
  Eat: Chunk             |     2 |     7 ||     9
       Royal jelly       |       |     2 ||     2
       Bread ration      |       |     1 ||     1
